 Dungeon Crawl Stone Soup version 0.24-a0-581-gc0fa6600bf (webtiles) character file.

Game seed: 5963310473708564388

161 MisterOstroum the Charmwright (level 5, -3/39 HPs)
             Began as a Vampire Skald on Aug 25, 2019.
             Slain by an orc
             ... wielding a +0 war axe
              (12 damage)
             ... while paralysed by Grinder
             ... on level 3 of the Dungeon.
             The game lasted 00:10:00 (2101 turns).

MisterOstroum the Charmwright (Vampire Skald)       Turns: 2101, Time: 00:10:00

Health: -3/39      AC:  3    Str: 10    XL:     5   Next: 18%
Magic:  4/8        EV:  2    Int: 15    God:
Gold:   87         SH:  0    Dex: 15    Spells: 4/8 levels left

rFire    . . .     SeeInvis +   a - +0 spear
rCold    . . .     Gourm    .   (no shield)
rNeg     . . .     Faith    .   b - +0 leather armour
rPois    .         Spirit   .   (no helmet)
rElec    .         Reflect  .   (no cloak)
rCorr    .         Harm     .   (no gloves)
MR       .....                  (no boots)
Stlth    +.........             (no amulet)
HPRegen  0.33/turn              (no ring)
MPRegen  0.11/turn              (no ring)

@: paralysed, infused (expiring), regenerating quickly
A: no food, fangs 3, see invisible, unbreathing
a: Exsanguinate


You were on level 3 of the Dungeon.
You were alive.

You visited 1 branch of the dungeon, and saw 3 of its levels.

You collected 87 gold pieces.

Inventory:

Hand Weapons
 a - a +0 spear (weapon)
Missiles
 d - 58 stones (quivered)
Armour
 b - a +0 leather armour (worn)
 o - a +1 pair of gloves
Scrolls
 e - a scroll of fog {unknown}
 g - a scroll of identify {unknown}
 k - a scroll of enchant armour {unknown}
 m - 2 scrolls of remove curse {unknown}
 n - a scroll of magic mapping {unknown}
Potions
 c - 2 potions of curing {unknown}
 f - a potion of magic {unknown}
 h - a potion of lignification {unknown}
 i - a potion of brilliance {unknown}
 j - 2 potions of flight {unknown}
 l - a potion of agility {unknown}


   Skills:
 * Level 2.6 Fighting
 * Level 2.6 Polearms
 - Level 0.7 Armour
 - Level 2.1 Dodging
 - Level 2.0 Spellcasting
 * Level 2.8 Hexes
 - Level 5.0 Charms


You had 4 spell levels left.
You knew the following spells:

 Your Spells              Type           Power        Failure   Level  Hunger
a - Infusion              Chrm           ###.         3%          1    N/A
b - Spectral Weapon       Hex/Chrm       ##......     19%         3    N/A

Your spell library contained the following spells:

 Spells                   Type           Power        Failure   Level  Hunger
 Song of Slaying          Chrm           ###.....     6%          2    N/A
 Shroud of Golubria       Chrm/Tloc      #.....       16%         2    N/A
 Regeneration             Chrm/Necr      #.........   32%         3    N/A

Dungeon Overview and Level Annotations

Branches:
Dungeon (3/15)

Altars:

Annotations:
D:2 Sigmund
D:3 Grinder


Innate Abilities, Weirdness & Mutations

You do not eat.
Your natural rate of healing is unusually fast.
You have razor-sharp teeth.
You have supernaturally acute eyesight. (SInv)
You can survive without breathing.


Message History

You don't know that spell.
Casting: Infusion (safe; 3% risk of failure)
Confirm with . or Enter, or press ? or * to list all spells.
You miscast Spectral Weapon.
You are very lightly contaminated with residual magic.
Nothing appears to happen.
Casting: Spectral Weapon (safe; 21% risk of failure)
Confirm with . or Enter, or press ? or * to list all spells.
You draw out your weapon's spirit!
You start resting.
The orc priest is too close now for your liking.
The orc priest misses you.
You hit the orc priest.
The orc priest is moderately wounded.
Your spectral weapon hits the orc priest but does no damage.
The orc priest barely misses you.
You hit the orc priest.
The orc priest is heavily wounded.
Your spectral weapon hits the orc priest from afar.
The orc priest closely misses you.
You hit the orc priest.
The orc priest is severely wounded.
Your spectral weapon hits the orc priest but does no damage.
The orc priest closely misses you.
You closely miss the orc priest.
The orc priest is severely wounded.
Your spectral weapon hits the orc priest from afar.
You kill the orc priest!
You have reached level 5!
You feel agile.
Your spectral weapon fades away.
Your magical infusion is running out.
You are no longer magically infusing your attacks.
Your magical contamination has completely faded away.
Magic restored.
Found a stone staircase leading up.
Found a hand axe.
Grinder comes into view.
Grinder blinks!
Found 18 gold pieces.
Memorise Song of Slaying, consuming 2 spell levels and leaving 2?
You start memorising the spell.
You continue memorising. x2
Grinder gestures at you.
Your memorisation is interrupted.
You suddenly lose the ability to move!
Grinder gestures at you.
You shrug off the repeated paralysis!
Grinder gestures at you. You resist with significant effort.
You can move again.
Casting: Spectral Weapon (safe; 19% risk of failure)
Confirm with . or Enter, or press ? or * to list all spells.
You don't know that spell.
Casting: Spectral Weapon (safe; 19% risk of failure)
Confirm with . or Enter, or press ? or * to list all spells.
You draw out your weapon's spirit!
Casting: Spectral Weapon (safe; 19% risk of failure)
Confirm with . or Enter, or press ? or * to list all spells.
You begin infusing your attacks with magical energy.
You closely miss Grinder.
Your spectral weapon closely misses Grinder.
Grinder hits you.
You writhe in agony.
You hit Grinder.
Grinder is lightly wounded.
Your spectral weapon hits Grinder from afar.
Grinder blinks!
Throwing (i - inventory)
d - 60 stones (quivered)
Press: ? - help, Shift-Dir - straight line, f - Grinder
Aim: Grinder (lightly wounded)
You throw a stone. The stone closely misses Grinder.
Grinder blinks!
Throwing (i - inventory)
d - 59 stones (quivered)
Press: ? - help, Shift-Dir - straight line, f/p - Grinder
Aim: Grinder (lightly wounded)
You throw a stone.
The stone hits Grinder but does no damage.
Grinder is lightly wounded.
Grinder gestures at you. You resist with significant effort.
You barely miss Grinder.
Grinder is lightly wounded.
Your spectral weapon hits Grinder but does no damage.
Grinder hits you!
You are too injured to fight recklessly!
There are monsters nearby!
You closely miss Grinder.
Grinder is lightly wounded.
Your spectral weapon misses Grinder.
Grinder hits you.
You hit Grinder.
Grinder is moderately wounded.
Your spectral weapon closely misses Grinder.
The orc hits your spectral weapon with a +0 war axe.
Your spectral weapon shares its damage with you!
Grinder gestures at you.
You suddenly lose the ability to move!
Grinder gestures at you.
You shrug off the repeated paralysis!
Your magical infusion is running out.
The orc hits you but does no damage. Grinder hits you.
You writhe in agony.
* * * LOW HITPOINT WARNING * * *
The orc hits you with a +0 war axe!
You die...

...........#
...........########
...........#......#
......#................#
.##.#.#................#
..#.#.#.(.......<......#
......##.........(.....#
...%......o....o@5#
.#....##........#.(.#
.......#..########......
.......##..# #.....
...###.###.# .)... .#.#
#.###.# $... .#.#
#..##.# ... .#.# ##.##.#
... .#.# #.##.#


You could see Grinder, 2 orcs and a friendly spectral +0 spear.

Vanquished Creatures
  An orc priest (D:3)
  Natasha (thrice) (D:1)
  An adder (D:2)
  A worm (D:2)
  4 dart slugs
  4 orcs (D:3)
  4 bats
  A giant cockroach (D:3)
  3 goblins
  3 hobgoblins (D:1)
  2 quokkas
  2 frilled lizards (D:1)
  2 kobolds (D:1)
  5 rats
36 creatures vanquished.

Notes
Turn   | Place    | Note
-------+----------+-------------------------------------------
     0 | D:1      | MisterOstroum the Vampire Skald began the quest for the
                  | Orb.
     0 | D:1      | Reached XP level 1. HP: 16/16 MP: 3/3
   113 | D:1      | Reached XP level 2. HP: 22/22 MP: 1/5
   115 | D:1      | Reached skill level 4 in Charms
   846 | D:2      | Reached XP level 3. HP: 22/27 MP: 6/6
   915 | D:2      | Learned a level 3 spell: Spectral Weapon
   950 | D:2      | Noticed Natasha
   950 | D:2      | Noticed Sigmund
   970 | D:1      | Killed Natasha
   970 | D:1      | Reached skill level 1 in Hexes
   970 | D:1      | Reached skill level 5 in Charms
  1137 | D:1      | Noticed Natasha
  1144 | D:1      | Killed Natasha
  1144 | D:1      | Reached XP level 4. HP: 12/33 MP: 0/7
  1622 | D:1      | Noticed Natasha
  1628 | D:1      | Killed Natasha
  2000 | D:3      | Reached XP level 5. HP: 39/39 MP: 1/8
  2080 | D:3      | Noticed Grinder
  2084 | D:3      | Paralysed by Grinder for 5 turns
  2098 | D:3      | Paralysed by Grinder for 6 turns
  2101 | D:3      | Slain by an orc

Levels and vault maps discovered:
D:1:      minmay_arrival_nine_rooms, layout_basic, serial_forest,
          infiniplex_forest_lined_room_, infiniplex_forest_side_room,
          infiniplex_forest_lined_room_2, infiniplex_forest_side_room,
          infiniplex_forest_fountain, chequers_serial_rivers_small_a
D:2:      minmay_evil_eye, layout_loops_cross,
          chequers_temple_overflow_statue_of_worship, uniq_sigmund, uniq_natasha
D:3:      layout_rooms, lemuel_crystal_altar, first_ration, uniq_grinder

Skill      XL: |  1  2  3  4 |
---------------+-------------+-----
Charms         | 4 5 |  5.0
Fighting       | 2 |  2.6
Polearms       | 2 |  2.6
Hexes          | 1 2 |  2.8
Armour         | |  0.7
Dodging        | |  2.1
Spellcasting   | |  2.0

Action                   |  1- 3 |  4- 6 || total
-------------------------+-------+-------++-------
Melee: Spear             |    80 |    52 ||   132
       Bite              |     6 |     3 ||     9
Throw: Stone             |     9 |     9 ||    18
 Cast: Infusion          |     7 |     6 ||    13
       Spectral Weapon   |     1 |     4 ||     5
Armor: Leather armour    |    16 |     6 ||    22
Dodge: Dodged            |    33 |    25 ||    58

Table legend:
 A = Non-vault XP
 B = Vault XP
 C = Vault XP percentage of total XP
 D = Non-vault monster count
 E = Vault monster count
 F = Vault count percentage of total count
                 A         B        C        D         E       F
            +---------+---------+-------+---------+---------+-------
      Total |     195 |      35 |  15.2 |      35 |       1 |   2.8
            +---------+---------+-------+---------+---------+-------
        D:1 |     104 |      35 |  25.2 |      17 |       1 |   5.6
        D:2 |      30 |       0 |   0.0 |       8 |       0 |   0.0
        D:3 |      61 |       0 |   0.0 |      10 |       0 |   0.0
            +---------+---------+-------+---------+---------+-------
